 Dungeon Crawl Stone Soup version 0.30-a0-4-ga7cffc901d (webtiles) character file.

Game seed: 17091919434516276344

1709 Setbun the Slicer (level 9, -5/48 HPs)
             Began as a Kobold Brigand on Aug 20, 2022.
             Killed from afar by Dowan (20 damage)
             ... with a shard of ice
             ... on level 6 of the Dungeon.
             The game lasted 00:08:04 (6130 turns).

Setbun the Slicer (Kobold Brigand)                  Turns: 6130, Time: 00:08:04

Health: -5/48      AC:  6    Str:  8    XL:     9   Next: 23%
Magic:  9/9        EV: 18    Int: 13    God:
Gold:   348        SH:  5    Dex: 20    Spells: 8/8 levels left

rFire   + . .      SeeInvis .    j - +1 dagger (venom)
rCold   . . .      Faith    .    (no shield)
rNeg    . . .      Spirit   .    g - +2 robe {rF+}
rPois   .          Reflect  +    x - +0 helmet
rElec   .          Harm     .    c - +0 cloak
rCorr   .          Rampage  .    (no gloves)
Will    .....                    (no boots)
Stlth   ++++++....               n - amulet of reflection
HPRegen 0.16/turn                t - +4 ring of evasion
MPRegen 0.11/turn                (no ring)

@: mighty
A: small, no large weapons, nightstalker 3
a: no special abilities


You were on level 6 of the Dungeon.
You visited 1 branch of the dungeon, and saw 6 of its levels.

You collected 348 gold pieces.

Inventory:

Hand Weapons
 a - a +2 dagger
 j - a +1 dagger of venom (weapon)
Missiles
 d - 18 poisoned darts (quivered)
 e - 3 curare-tipped darts
Armour
 b - a +0 robe
 c - a +0 cloak (worn)
 g - a +2 robe of fire resistance (worn)
 x - a +0 helmet (worn)
Jewellery
 f - a ring of ice
 n - an amulet of reflection (around neck)
 q - an amulet of the acrobat
 t - a +4 ring of evasion (left hand)
 z - a ring of magical power
Wands
 m - a wand of roots (1)
Scrolls
 i - 8 scrolls of identify {unknown}
 p - a scroll of enchant armour {unknown}
 r - a scroll of teleportation {unknown}
 s - a scroll of fog {unknown}
 u - 2 scrolls of poison {unknown}
 w - a scroll of brand weapon {unknown}
 y - a scroll of vulnerability {unknown}
Potions
 h - a potion of magic
 k - a potion of curing
 o - a potion of cancellation


   Skills:
 - Level 2.1 Fighting
 - Level 12.0 Short Blades
 - Level 2.1 Throwing
 - Level 1.2 Dodging
 * Level 10.9 Stealth


You had 8 spell levels left.
You didn't know any spells.
Your spell library contained the following spells:

 Spells                   Type           Power      Damage    Failure   Level
 Shock                    Conj/Air       0%         1d3       30%         1
 Blink                    Tloc           0%         N/A       43%         2
 Gell's Gravitas          Tloc           0%         N/A       67%         3
 Lesser Beckoning         Tloc           0%         N/A       67%         3
 Swiftness                Air            0%         N/A       67%         3
 Teleport Other           Tloc           0%         N/A       67%         3
 Airstrike                Air            0%         2d(0-16)  97%         4
 Manifold Assault         Tloc           0%         N/A       100%        5
 Dispersal                Tloc           0%         N/A       100%        6


Dungeon Overview and Level Annotations

Branches:
Dungeon (6/15)
 Temple: D:4-7

Altars:

Shops:
D:4 [*([

Annotations:
D:5 2 runed translucent doors
D:6 Dowan


Innate Abilities, Weirdness & Mutations

You are small and have problems with some larger weapons.
You are completely attuned to the shadows.


Message History

Duvessa hits you but does no damage.
You barely miss Duvessa.
Duvessa is severely wounded.
Duvessa hits you with a +0 short sword. The iguana barely misses you.
Dowan points at you and mumbles some strange words.
The puff of flame hits you. You resist.
Unknown command.
You hit Duvessa but do no damage.
Duvessa looks as sick as possible!
Duvessa is severely wounded.
You block Duvessa's attack.
You hit Duvessa.
Duvessa looks as sick as possible!
Duvessa is almost dead.
The iguana closely misses you. Duvessa attacks as you move away!
Duvessa hits you but does no damage. Duvessa hits you with a +0 short sword.
Duvessa attacks as you move away!
Duvessa hits you with a +0 short sword. x2
Duvessa zaps a wand.
Some rock shatters into small pieces.
You kill Duvessa!
You hear a distant wail of despair.
A hound comes into view.
Dowan seems to find hidden reserves of power!
It was a potion of magic.
Magic courses through your body.
Dowan hits you with a +0 dagger of holy wrath.
It was a potion of curing.
You feel better. Dowan misses you. Dowan completely misses you.
It was a potion of resistance.
You feel protected. You block Dowan's attack.
It was a potion of cancellation.
Your magical effects are unravelling.
You feel magically purged.
Your resistance to elements expires.
Dowan closely misses you. Dowan barely misses you.
It was a potion of might.
You feel very mighty all of a sudden.
Dowan hits you with a +0 dagger of holy wrath.
You completely miss Dowan. Dowan casts a spell at you.
The shard of ice hits you!!
You die...

..##.#
#.#########.#.
#.##.####.## #.#.
#.##.......# #.#.
####.............#
#.#.
.....#######..##.#
#.#
........####..# #
#####..........
#.#.###
#.#.@###...#.#.
#.#.#e##./.....
##.#.##l##..#.#.
#........#......
#..#
#..#.##..)......
#.>#
#.....####h.....
#..# #..#.#.
#.##... #..#
....... ... ...
#..[ .##.# .. ##.#


You could see Dowan (fast) and an iguana.

Vanquished Creatures
  Menkaure (D:5)
  Duvessa (D:6)
  2 water moccasins
  An orc warrior (D:5)
  An ogre (D:5)
  A centaur (D:5)
  A phantom (D:6)
  Blork the orc (D:6)
  A bullfrog (D:6)
  3 scorpions
  A wight (D:5)
  A killer bee (D:5)
  2 orc priests (D:5)
  A jelly (D:5)
  2 hounds (D:5)
  2 gnoll boudas
  4 iguanas
  4 gnolls
  12 adders
  2 worms (D:2)
  5 dart slugs
  11 orcs
  7 endoplasms
  3 giant cockroaches
  8 goblins
  5 hobgoblins
  A jackal (D:2)
  3 quokkas
  8 ball pythons
  3 bats
  4 frilled lizards
  7 kobolds
  7 rats
116 creatures vanquished.

Notes
Turn   | Place    | Note
-------+----------+-------------------------------------------
     0 | D:1      | Setbun the Kobold Brigand began the quest for the Orb.
     0 | D:1      | Reached XP level 1. HP: 12/12 MP: 1/1
    37 | D:1      | Reached skill level 3 in Short Blades
   136 | D:1      | Reached XP level 2. HP: 17/17 MP: 2/2
   536 | D:1      | Reached skill level 4 in Short Blades
   762 | D:2      | Reached XP level 3. HP: 20/21 MP: 3/3
   886 | D:2      | Reached skill level 5 in Short Blades
  1091 | D:2      | Reached XP level 4. HP: 26/26 MP: 4/4
  1264 | D:2      | Reached skill level 6 in Short Blades
  1459 | D:2      | Found a faded altar of an unknown god.
  1639 | D:2      | Reached XP level 5. HP: 30/30 MP: 5/5
  2269 | D:3      | You fall into a shaft and drop 2 floors!
  2269 | D:5      | Entered Level 5 of the Dungeon
  2333 | D:5      | Noticed Menkaure
  2337 | D:5      | Killed Menkaure
  2338 | D:5      | Reached skill level 8 in Short Blades
  2338 | D:5      | Reached XP level 6. HP: 35/35 MP: 6/6
  2882 | D:4      | Found Jeasub's Antique Weapon Shop.
  2932 | D:4      | Found Inodwial's Armour Shoppe.
  3096 | D:4      | Found Caryra's Assorted Antiques.
  3290 | D:4      | Found Dellesk's Antique Armour Shoppe.
  3408 | D:5      | Found a large runed translucent door.
  3408 | D:5      | Found a large runed translucent door.
  3442 | D:5      | Reached skill level 9 in Short Blades
  3490 | D:5      | Noticed an orc warrior
  3493 | D:5      | Killed an orc warrior
  3494 | D:5      | Reached XP level 7. HP: 40/40 MP: 7/7
  3683 | D:5      | Reached skill level 10 in Short Blades
  3806 | D:5      | Noticed a water moccasin
  3819 | D:4      | HP: 2/40 [poisoned by a water moccasin]
  3824 | D:4      | HP: 1/60 [poisoned by a water moccasin]
  3829 | D:4      | Killed a water moccasin
  3830 | D:4      | Reached skill level 11 in Short Blades
  4133 | D:4      | Reached XP level 8. HP: 39/44 MP: 8/8
  4794 | D:5      | Found a large runed translucent door.
  4796 | D:5      | Found a large runed translucent door.
  4893 | D:5      | Reached skill level 12 in Short Blades
  5578 | D:5      | Identified the +12 demon whip of Osototiu {vamp, rF+ rCorr
                  | Dex-4}
  5653 | D:6      | Reached XP level 9. HP: 31/48 MP: 9/9
  5818 | D:6      | Noticed Blork the orc
  5822 | D:6      | Killed Blork the orc
  5953 | D:6      | Reached skill level 10 in Stealth
  6095 | D:6      | Noticed Duvessa
  6097 | D:6      | Noticed Dowan
  6122 | D:6      | Killed Duvessa
  6130 | D:6      | Killed from afar by Dowan

Illustrated notes

Levels and vault maps discovered:
D:1:      lightli_arrival_flooded_house, layout_loops_ring,
          dreamdust_mushroom_princess, glass_columns_c, chequers_jeans
D:2:      minmay_thinvault, layout_basic, ebering_ecumenical_altar_sacrificial
D:3:      layout_loops_cross
D:4:      layout_basic, serial_shops, shop, nicolae_diamond_shop, shop, shop,
          minmay_misc_feat_rows, dk_rats_in_the_wall
D:5:      layout_gridville, minmay_hollow_rounded_squares, uniq_menkaure
D:6:      layout_loops_ring, lemuel_mausoleum_altar_yredelemnul,
          uniq_blork_the_orc, uniq_duvessa

Skill      XL: |  1  2  3  4  5  6  7  8  9 |
---------------+----------------------------+-----
Short Blades   | 3 4 5 6 8 9 11 12 | 12.0
Stealth        | 9 10 | 10.9
Fighting       | |  2.1
Throwing       | |  2.1
Dodging        | |  1.2

Action                   |  1- 3 |  4- 6 |  7- 9 || total
-------------------------+-------+-------+-------++-------
Melee: Dagger            |    48 |   128 |   222 ||   398
       Punch             |     1 |     1 |     3 ||     5
  Use: Potion            |       |       |     6 ||     6
 Stab: Sleeping          |    17 |    26 |    13 ||    56
Armor: Robe              |     4 |    14 |    16 ||    34
Dodge: Dodged            |    19 |    44 |   112 ||   175
Block: Other             |       |    12 |    14 ||    26

Table legend: (Time is in decaauts)
 A = Elapsed time spent in this place.
 B = Non-inter-level travel time spent in this place.
 C = Inter-level travel time spent in this place.
 D = Time resting spent in this place.
 E = Time spent auto-exploring this place.
 F = Levels seen in this place.
 G = Mean time per level.
                   A        B        C        D        E       F      G
               +--------+--------+--------+--------+--------+-----+--------+
         Total |   5977 |   5812 |    165 |    907 |   4135 |   6 |  996.2 |
       Dungeon |   5977 |   5812 |    165 |    907 |   4135 |   6 |  996.2 |
               +--------+--------+--------+--------+--------+-----+--------+

Top non-repeatable levels by time:
     D:5: 1532 daAuts
     D:4: 1399 daAuts
     D:2: 1097 daAuts
     D:3: 769 daAuts
     D:1: 707 daAuts
     D:6: 470 daAuts
